AoeStats
← old f1sh

Arabia

509350411Analyzed
4v4 RM · 6d ago on Sep 26, 2026· 21m 10s· 8 players
Game mode
Random Map
Map size
Large (8 player)
Population
200
Speed
Normal
Resources
Standard
Victory
Conquest
Starting age
Dark Age
Ending age
Imperial Age
RankedLock teamsTeams togetherTeam positionsShared explorationLock speedFull tech treeHidden civsTurbo modeCheats
Victory
Defeat
🇹🇼 Varangians · Taiwan
1663
+10
🇹🇼 Saxons · Taiwan
1590
+13
🇩🇪 Ethiopians · Germany
1526
+15
🇫🇷 Franks · France
1467
+17
🇨🇳 Varangians · China
1578
-16
🇨🇳 Britons · China
1536
-15
🇨🇳 Varangians · China
1467
-12
1465
-12
教授
5:54 Loom
6:40 Loom
8:44 Feudal Age
11:14 Fletching
13:59 Padded Archer Armor
old f1sh
6:39 Loom
8:54 Feudal Age
9:22 Double-Bit Axe
10:29 Horse Collar
15:06 Bloodlines
16:57 Scale Barding Armor
V我50%匡扶汉室
4:57 Loom
11:40 Feudal Age
16:45 Double-Bit Axe
18:32 Fletching
涅槃重生
6:36 Loom
9:18 Feudal Age
13:40 Bloodlines
16:40 Scale Barding Armor
18:40 Forging
berber.sinan
6:38 Loom
9:34 Feudal Age
10:12 Double-Bit Axe
15:11 Scale Barding Armor
17:01 Forging
21:56 Castle Age
20:12 Gold Mining
Ra
5:39 Loom
8:43 Feudal Age
11:49 Fletching
17:10 Padded Archer Armor
TW_Kenneth
6:17 Loom
8:49 Feudal Age
15:16 Double-Bit Axe
16:34 Man-at-Arms
18:51 Fletching
22:45 Castle Age
21:06 Padded Archer Armor
21:24 Gold Mining
P0rr1dg3
0:27 Loom
6:46 Loom
9:08 Feudal Age
9:57 Double-Bit Axe
10:13 Horse Collar
11:49 Bloodlines
16:54 Scale Barding Armor
19:24 Forging
19:56 Wheelbarrow
23:32 Castle Age
21:38 Gold Mining
Connection lost

Rejoining the realm…

Still unreachable

The connection could not be restored.

Session expired

The server has moved on; the page needs a fresh start.